 Dungeon Crawl Stone Soup version 0.21.1-1-g345015f (webtiles) character file.

2727 keltmir the Basher (level 9, -5/75 HPs)
             Began as a Yellow Draconian Skald on Mar 31, 2018.
             Was a Believer of Okawaru.
             Slain by a sixfirhy (12 damage)
             ... on level 7 of the Dungeon.
             The game lasted 00:30:24 (7823 turns).

keltmir the Basher (Yellow Draconian Skald)         Turns: 7823, Time: 00:30:26

Health: -5/75      AC:  7    Str: 16    XL:     9   Next: 40%
Magic:  12/15      EV: 14    Int: 14    God:    Okawaru [**....]
Gold:   323        SH:  0    Dex: 11    Spells: 5/16 levels left

rFire    . . .     SeeInvis .   o - +3 mace (crush)
rCold    . . .     Gourm    .   (no shield)
rNeg     . . .     Faith    .   (armour unavailable)
rPois    .         Spirit   .   (helmet restricted)
rElec    .         Reflect  .   (no cloak)
rCorr    +         Harm     .   (no gloves)
MR       +....                  (no boots)
Stlth    ++........             (no amulet)
HPRegen  0.22/turn              g - ring of stealth
MPRegen  0.14/turn              q - ring of protection from magic

@: no status effects
A: spit acid, acid resistance, unfitting armour, cold-blooded, AC +7
a: Breathe Acid, Heroism, Renounce Religion


You were on level 7 of the Dungeon.
You worshipped Okawaru.
Okawaru was pleased with you.
You were not hungry.

You visited 2 branches of the dungeon, and saw 8 of its levels.

You collected 323 gold pieces.

Inventory:

Hand Weapons
 b - a +0 whip of flaming
 j - a +0 hunting sling
 o - a +3 mace of crushing (weapon)
Missiles
 k - 201 stones (quivered)
Jewellery
 g - a ring of stealth (left hand)
 l - an uncursed amulet of harm
 q - a ring of protection from magic (right hand)
Wands
 n - a wand of random effects (27)
Scrolls
 m - 3 scrolls of remove curse
 r - a scroll of fear
 t - 4 scrolls of enchant armour
 y - a scroll of teleportation {unknown}
Potions
 d - 5 potions of mutation
 e - a potion of heal wounds
 h - 2 potions of might
 i - 9 potions of curing
 s - a potion of flight {unknown}
 u - a potion of ambrosia {unknown}
 v - a potion of brilliance {unknown}
Comestibles
 c - 11 rations


   Skills:
 + Level 6.3 Fighting
 * Level 8.0 Maces & Flails
 + Level 5.3 Dodging
 + Level 4.3 Spellcasting
 + Level 5.6 Charms


You had 5 spell levels left.
You knew the following spells:

 Your Spells              Type           Power        Failure   Level  Hunger
a - Infusion              Chrm           ###.         1%          1    None
b - Shroud of Golubria    Chrm/Tloc      ##........   9%          2    ##.....
c - Regeneration          Chrm/Necr      ##........   17%         3    ###....
d - Spectral Weapon       Hex/Chrm       ##......     17%         3    ###....
e - Song of Slaying       Chrm           ###.....     2%          2    ##.....


Dungeon Overview and Level Annotations

Branches:
Dungeon (7/15)             Temple (1/1) D:5

Altars:
Ashenzari
Cheibriados
Gozag
Hepliaklqana
Kikubaaqudgha
Makhleb
Nemelex Xobeh
Okawaru
Qazlal
Ru
Sif Muna
Trog
Uskayaw
Vehumet
Wu Jian
Xom
Zin
The Shining One
Lugonu

Annotations:
D:2 1 runed door


Innate Abilities, Weirdness & Mutations

You can spit globs of acid.
You are resistant to acid.
Your golden yellow scales are hard. (AC +7)
You cannot fit into any form of body armour.
You are cold-blooded and may be slowed by cold attacks.


Message History

i - 9 potions of curing (gained 1)
Found 24 bolts.
Found a runed door.
Found a stone staircase leading up.
You open the door.
A sixfirhy comes into view.
The sixfirhy hits you! The sixfirhy shocks you!
The sixfirhy closely misses you. The sixfirhy hits you.
The sixfirhy shocks you!
Found a glowing demon blade.
The sixfirhy hits you. The sixfirhy shocks you!
The sixfirhy barely misses you. x2
The sixfirhy hits you. The sixfirhy shocks you!
* * * LOW HITPOINT WARNING * * *
Casting: Regeneration
Confirm with . or Enter, or press ? or * to list all spells.
You draw out your weapon's spirit!
The sixfirhy barely misses you. The sixfirhy hits you!
* * * LOW HITPOINT WARNING * * *
The sixfirhy shocks you!
You die...

#.# ##.#######.
.#####.####.#........
....(..............#..
#.#########...........
###.#.#####. #.#.#
#.#.# #(#.# #@#.#
#####3# #.....#
#.#'#.# #.#)#.#
#.###.# #.....#
.#..#.# #<.....#


You could see a sixfirhy and a friendly spectral mace of crushing.

Vanquished Creatures
  Pikel (D:6)
  Menkaure (D:6)
  2 sky beasts
  An ice beast (D:5)
  A phantom (D:5)
  2 centaurs
  4 ogres
  4 bullfrogs
  A scorpion (D:5)
  The ghost of keltmir the Grave Robber, a weakling DsNe (D:3)
  4 howler monkeys
  4 crimson imps
  5 hounds
  A jelly (D:4)
  A bullfrog skeleton (D:4)
  A centaur skeleton (D:5)
  An orc priest (D:7)
  An iguana (D:5)
  6 worker ants
  3 hound skeletons
  A worker ant zombie (D:5)
  10 adders
  An ooze (D:6)
  An adder skeleton (D:4)
  A worm (D:3)
  2 dart slugs
  4 leopard geckos
  4 orcs
  2 ball pythons
  9 bats
  5 giant cockroaches
  8 hobgoblins
  8 jackals
  2 quokkas
  3 frilled lizards
  3 goblins
  A jackal zombie (D:7)
  13 kobolds
  A quokka skeleton (D:7)
  7 rats
131 creatures vanquished.

Vanquished Creatures (others)
  A killer bee zombie (D:7)
  A howler monkey zombie (D:7)
  A spectral weapon (D:6)
3 creatures vanquished.

Grand Total: 134 creatures vanquished

Notes
Turn   | Place    | Note
-------+----------+-------------------------------------------
     0 | D:1      | keltmir the Draconian Skald began the quest for the Orb.
     0 | D:1      | Reached XP level 1. HP: 17/17 MP: 3/3
   376 | D:1      | Reached XP level 2. HP: 18/25 MP: 0/5
   677 | D:1      | Learned a level 2 spell: Shroud of Golubria
  1280 | D:1      | Found a shattered altar of Ashenzari.
  1424 | D:1      | Reached XP level 3. HP: 17/30 MP: 3/6
  1590 | D:2      | Learned a level 3 spell: Regeneration
  1612 | D:2      | Found an ornate altar of the Wu Jian Council.
  2063 | D:2      | Reached skill level 3 in Maces & Flails
  2135 | D:2      | Reached XP level 4. HP: 34/37 MP: 3/7
  2241 | D:2      | Found a runed door.
  2906 | D:3      | Noticed keltmir's ghost (weakling DsNe)
  2922 | D:2      | Reached XP level 5. HP: 32/45 MP: 2/8
  3017 | D:3      | Killed keltmir's ghost
  3316 | D:4      | Reached skill level 4 in Maces & Flails
  3409 | D:4      | Reached XP level 6. HP: 51/51 MP: 6/9
  4477 | D:5      | Entered Level 5 of the Dungeon
  4701 | D:5      | Reached skill level 5 in Maces & Flails
  4701 | D:5      | Your scales start taking on a golden yellow colour.
  4701 | D:5      | Reached XP level 7. HP: 41/59 MP: 4/10
  5010 | D:5      | HP: 2/60 [ice beast (13)]
  5388 | D:4      | Reached skill level 6 in Maces & Flails
  5388 | D:4      | Reached XP level 8. HP: 43/67 MP: 2/12
  5506 | D:5      | Found an ornate altar of the Wu Jian Council.
  5617 | D:5      | Reached skill level 5 in Fighting
  5825 | D:5      | Found a staircase to the Ecumenical Temple.
  5840 | Temple   | Entered the Ecumenical Temple
  5857 | Temple   | Became a worshipper of Warmaster Okawaru
  6274 | D:5      | Found a sacrificial altar of Ru.
  6295 | D:5      | Found a snail-covered altar of Cheibriados.
  6299 | D:5      | Found a bloodstained altar of Trog.
  6452 | D:5      | Found a shimmering altar of Xom.
  6458 | D:5      | Found a burning altar of Makhleb.
  6554 | D:6      | Noticed Menkaure
  6716 | D:5      | Learned a level 3 spell: Spectral Weapon
  6722 | D:6      | Killed Menkaure
  6722 | D:6      | Reached * piety under Okawaru
  6722 | D:6      | Reached skill level 5 in Charms
  6875 | D:6      | Reached skill level 7 in Maces & Flails
  7121 | D:6      | Found a hazy altar of Hepliaklqana.
  7164 | D:6      | Found an ancient bone altar of Kikubaaqudgha.
  7170 | D:6      | Found a deep blue altar of Sif Muna.
  7178 | D:6      | Found a radiant altar of Vehumet.
  7184 | D:6      | Identified Kikubaaqudgha's Volume of Evil Rituals
  7189 | D:6      | Learned a level 2 spell: Song of Slaying
  7308 | D:6      | Found a sparkling altar of Nemelex Xobeh.
  7308 | D:6      | Found an opulent altar of Gozag.
  7348 | D:6      | Reached XP level 9. HP: 74/75 MP: 7/14
  7513 | D:7      | Reached skill level 5 in Dodging
  7519 | D:7      | Reached ** piety under Okawaru
  7534 | D:7      | Noticed Pikel
  7564 | D:6      | Killed Pikel
  7564 | D:6      | Reached skill level 8 in Maces & Flails
  7810 | D:7      | Found a runed door.
  7819 | D:7      | Noticed a sixfirhy
  7823 | D:7      | Slain by a sixfirhy

Skill      XL: |  1  2  3  4  5  6  7  8  9 |
---------------+----------------------------+-----
Charms         | 3 4 5 |  5.6
Maces & Flails | 3 4 5 6 7 8 |  8.0
Fighting       | 3 4 5 6 |  6.3
Dodging        | 3 4 5 |  5.3
Spellcasting   | 3 4 |  4.3

Action                   |  1- 3 |  4- 6 |  7- 9 || total
-------------------------+-------+-------+-------++-------
Melee: Mace              |   185 |   185 |   199 ||   569
       Tailslap          |    18 |    16 |    17 ||    51
Throw: Stone             |       |       |     4 ||     4
 Cast: Infusion          |     4 |       |     5 ||     9
       Shroud of Golubri |    12 |    25 |    14 ||    51
       Regeneration      |     3 |     7 |     9 ||    19
       Spectral Weapon   |       |       |     7 ||     7
 Abil: Breathe Acid      |       |       |     6 ||     6
  Use: Scroll            |     2 |     5 |     3 ||    10
       Potion            |       |       |     1 ||     1
 Stab: Sleeping          |       |     1 |     4 ||     5
  Eat: Chunk             |     6 |     8 |     8 ||    22
       Ration            |       |     1 |     2 ||     3
Armor: Skin              |    75 |    64 |    64 ||   203
Dodge: Dodged            |   173 |   155 |   126 ||   454
